 Dungeon Crawl Stone Soup version 0.29.0-4-gdea44cf6ec (webtiles) character file.

Game seed: 13594562710664701827

63 LynnLen the Sneak (level 3, 0/18 HPs)
             Began as a Spriggan Enchanter on Aug 27, 2022.
             Slain by a ball python (1 damage)
             ... on level 3 of the Dungeon.
             The game lasted 00:06:42 (2604 turns).

LynnLen the Sneak (Spriggan Enchanter)              Turns: 2604, Time: 00:06:43

Health: 0/18       AC:  3    Str:  4    XL:     3   Next: 87%
Magic:  0/8        EV: 17    Int: 18    God:
Gold:   229        SH:  0    Dex: 15    Spells: 6/8 levels left

rFire   . . .      SeeInvis +   a - +2 dagger
rCold   . . .      Faith    .   (no shield)
rNeg    . . .      Spirit   .   b - +1 robe
rPois   .          Reflect  .   (helmet restricted)
rElec   .          Harm     .   (no cloak)
rCorr   .          Rampage  .   (gloves unavailable)
Will    .....                   (boots unavailable)
Stlth   +++.......              (no amulet)
HPRegen 0.06/turn               (no ring)
MPRegen 0.11/turn               (no ring)

@: very quick
A: very small, no large weapons, unfitting armour, see invisible, speed 3
a: no special abilities


You were on level 3 of the Dungeon.
You visited 1 branch of the dungeon, and saw 3 of its levels.

You collected 229 gold pieces.

Inventory:

Hand Weapons
 a - a +2 dagger (weapon)
Missiles
 m - 2 throwing nets
Armour
 b - a +1 robe (worn)
 h - a +0 cloak
Scrolls
 d - a scroll of vulnerability
 f - 2 scrolls of amnesia
 g - a scroll of acquirement {unknown}
 i - a scroll of teleportation
 n - a scroll of identify
Potions
 c - 3 potions of invisibility
 e - a potion of brilliance
 j - 2 potions of heal wounds
 k - 3 potions of curing {unknown}
 l - a potion of lignification


   Skills:
 + Level 1.2 Fighting
 - Level 1.1 Short Blades
 - Level 2.6 Dodging
 + Level 5.2 Stealth
 + Level 3.4 Spellcasting
 + Level 4.2 Hexes
 + Level 0.4 Ice Magic


You had 6 spell levels left.
You knew the following spells:

 Your Spells              Type           Power      Damage    Failure   Level
a - Ensorcelled Hibernat  Hex/Ice        22%        N/A       9%          2

Your spell library contained the following spells:

 Spells                   Type           Power      Damage    Failure   Level
 Confusing Touch          Hex            18%        N/A       9%          3
 Tukima's Dance           Hex            18%        N/A       9%          3
 Dazzling Flash           Conj/Hex       20%        N/A       21%         3
 Passwall                 Tmut/Erth      2%         N/A       24%         2
 Swiftness                Air            3%         N/A       43%         3


Dungeon Overview and Level Annotations

Branches:
Dungeon (3/15)

Altars:


Innate Abilities, Weirdness & Mutations

You are very small and have problems with some larger weapons.
You are too small for most types of armour.
You have supernaturally acute eyesight. (SInv)
You cover ground extremely quickly. (Speed+++)


Message History

Aiming: Ensorcelled Hibernation (safe; 9% risk of failure)
Press: ? - help, Q - select action, (/) - cycle Shift-Dir - straight line, f/p - orc
Aim: an orc, wielding a +0 short sword and wearing a +0 leather armour (lightly wounded, chance to affect: 62%)
You miscast Ensorcelled Hibernation.
You are very lightly contaminated with residual magic.
Nothing appears to happen.
The orc hits you with a +0 short sword.
The orc hits you from afar with a +0 trident.
* * * LOW HITPOINT WARNING * * *
A ball python comes into view.
Your magical contamination has completely faded away.
You closely miss the ball python.
The ball python hisses angrily.
The ball python bites you.
* * * LOW HITPOINT WARNING * * *
The ball python misses you.
You closely miss the ball python.
The ball python bites you but does no damage.
The ball python misses you.
Aiming: Ensorcelled Hibernation (safe; 9% risk of failure)
Press: ? - help, Q - select action, (/) - cycle Shift-Dir - straight line, f - ball python
Aim: a ball python (chance to affect: 62%)
The ball python resists with significant effort.
The ball python closely misses you. The ball python barely misses you.
The ball python misses you. The ball python closely misses you.
You don't have enough magic to cast this spell.
You don't have enough magic to cast this spell.
You barely miss the ball python. The ball python barely misses you.
The ball python grabs you. The ball python constricts you.
* * * LOW HITPOINT WARNING * * *
You closely miss the ball python. The ball python bites you.
* * * LOW HITPOINT WARNING * * *
The ball python constricts you.
* * * LOW HITPOINT WARNING * * *
You closely miss the ball python.
The ball python bites you but does no damage.
The ball python constricts you.
You escape the ball python's grasp.
The ball python bites you.
You die...

..##........###....####.#
#...... †.##.##.#.#.# #....#
#.# ####.#. ..#####.#.# #
#....####.# #.#. ..o...#.#.#
#.....#...# #... #o###o....#
#####.#.### #### #.# ......#
#.....####### # #.####....#
#.#...#.....# ##
#.ooo..o?.#.#####.....#.###.#
#. #####.....#.#...@...#...#
#.####.
#.###.#....S........###.....)
#.# #.###o####.####......##..
+.# #....o# ...##..<....###..
### #######.#####.#.#>### #..
# ......#.### #.. ....<...#
#.. .######## ###


You could see an orc and a ball python.

Vanquished Creatures
  An adder (D:2)
  2 worms
  3 dart slugs
  2 endoplasms (D:2)
  4 giant cockroaches
  5 goblins
  A hobgoblin (D:3)
  3 jackals (D:2)
  A kobold (D:1)
  2 quokkas (D:1)
  3 ball pythons
  6 bats
  6 frilled lizards
  2 rats (D:1)
41 creatures vanquished.

Notes
Turn   | Place    | Note
-------+----------+-------------------------------------------
     0 | D:1      | LynnLen the Spriggan Enchanter began the quest for the Orb.
     0 | D:1      | Reached XP level 1. HP: 9/9 MP: 5/5
   345 | D:1      | Reached XP level 2. HP: 14/14 MP: 6/6
   355 | D:1      | Learned a level 2 spell: Ensorcelled Hibernation
  1104 | D:2      | Reached skill level 5 in Stealth
  1104 | D:2      | Reached XP level 3. HP: 17/17 MP: 5/8
  1179 | D:2      | Reached skill level 1 in Fighting
  2225 | D:3      | Found a faded altar of an unknown god.
  2604 | D:3      | Slain by a ball python

Illustrated notes

Levels and vault maps discovered:
D:1:      dpeg_arrival_chambers_temple_mockup, layout_loops_ring
D:2:      layout_rooms, minmay_octomino_e4
D:3:      layout_basic, shapermc_ecumenical_altar_venn, kennysheep_another_room

Skill      XL: |  1  2  3 |
---------------+----------+-----
Spellcasting   | 3 |  3.4
Hexes          | 4 |  4.2
Stealth        | 5 |  5.2
Fighting       | 1 |  1.2
Short Blades   | |  1.1
Dodging        | |  2.6
Ice Magic      | |  0.4

Action                   || total
-------------------------++-------
Melee: Dagger            ||   108
 Cast: Ensorcelled Hiber ||    12
  Use: Scroll            ||    10
 Stab: Sleeping          ||    20
Armor: Robe              ||    11
Dodge: Dodged            ||    75
